PAA
MYRTLE BEACH MERMEN @ TACOMA FUR TRADERS
08/11/2030
 
TOP OF THE 1ST
Myrtle Beach Mermen batting - Pitching for Tacoma Fur Traders : RHP Brewster Warble
Pitching: RHP Brewster Warble
Batting: LHB Ramón Flores 0-0: Ball
1-0: Ground out 1-3 (Groundball, 13)
Batting: RHB Cody Blackburn 0-0: Called Strike
0-1: Ball
1-1: Ground out 6-3 (Groundball, 6)
Batting: LHB Shigenobu Ohayashi 0-0: SOLO HOME RUN (Flyball, 9LD), Distance : 360 ft
Batting: RHB Maik Palen 0-0: Ball
1-0: Fly out, F9 (Line Drive, 9S)
Top of the 1st over - 1 run, 1 hit, 0 errors, 0 left on base; Myrtle Beach 1 - Tacoma 0
BOTTOM OF THE 1ST
Tacoma Fur Traders batting - Pitching for Myrtle Beach Mermen : RHP Kelemeneke Balun
Pitching: RHP Kelemeneke Balun
Batting: RHB Roberto Aguirre 0-0: Called Strike
0-1: Ball
1-1: Ball
2-1: Ball
3-1: Foul Ball, location: 2F
3-2: Ground out 4-3 (Groundball, 4)
Batting: RHB Jonathan Barnett 0-0: Called Strike
0-1: Called Strike
0-2: Foul Ball, location: 2F
0-2: Foul Ball, location: 2F
0-2: Ball
1-2: Ground out 5-3 (Groundball, 56)
Batting: LHB Yao-pang Chiang 0-0: Ball
1-0: Ball
2-0: Ball
3-0: Base on Balls
Batting: RHB Gustavo González 0-0: Swinging Strike
0-1: Ball
1-1: Foul Ball, location: 2F
1-2: Fly out, F9 (Flyball, 9S)
Bottom of the 1st over - 0 runs, 0 hits, 0 errors, 1 left on base; Myrtle Beach 1 - Tacoma 0
TOP OF THE 2ND
Myrtle Beach Mermen batting - Pitching for Tacoma Fur Traders : RHP Brewster Warble
Batting: RHB Elijah Seymour 0-0: SINGLE (Line Drive, 6D)
Batting: RHB Landon Edwards 0-0: Called Strike
0-1: Ball
1-1: Foul Ball, location: 2F
1-2: Ball
2-2: Fly out, F8 (Flyball, 8LD)
Batting: RHB Maikel Cobblepot 0-0: Ball
1-0: Foul Ball, location: 2F
1-1: TRIPLE (Flyball, 8RXD)
Elijah Seymour scores
Batting: RHB David Meléndez 0-0: Swinging Strike
0-1: Ball
1-1: Foul Ball, location: 2F
1-2: Strikes out swinging
Batting: RHB Gomez Talone 0-0: Ball
1-0: Fly out, F4 (Line Drive, 4)
Top of the 2nd over - 1 run, 2 hits, 0 errors, 1 left on base; Myrtle Beach 2 - Tacoma 0
BOTTOM OF THE 2ND
Tacoma Fur Traders batting - Pitching for Myrtle Beach Mermen : RHP Kelemeneke Balun
Batting: RHB Jason Alston 0-0: Foul Ball, location: 2F
0-1: SINGLE (Groundball, 34S) (infield hit)
Batting: RHB Stan Wheeler 0-0: Ball
1-0: Called Strike
1-1: Ball
2-1: Fly out, F8 (Flyball, 8LD)
Runner from 1st tags up, SAFE at 2nd
Batting: RHB David Tineo 0-0: Ball
Jason Alston steals 3rd base
1-0: Ball
2-0: Ball
3-0: Base on Balls
Batting: RHB Bill Perkins 0-0: Ball
1-0: Swinging Strike
1-1: Ball
2-1: Called Strike
2-2: Foul Ball, location: 2F
2-2: 3-RUN HOME RUN (Flyball, 7LD), Distance : 379 ft
Batting: RHB Sherman N'Dir 0-0: Ball
1-0: Ground out U3 (Groundball, 34)
Batting: RHB Roberto Aguirre 0-0: Called Strike
0-1: SINGLE (Line Drive, 6D)
Batting: RHB Jonathan Barnett 0-0: Swinging Strike
0-1: Foul Ball, location: 2F
0-2: Strikes out swinging
Bottom of the 2nd over - 3 runs, 3 hits, 0 errors, 1 left on base; Myrtle Beach 2 - Tacoma 3
TOP OF THE 3RD
Myrtle Beach Mermen batting - Pitching for Tacoma Fur Traders : RHP Brewster Warble
Batting: LHB Ramón Flores 0-0: Ground out 1-3 (Groundball, 15)
Batting: RHB Cody Blackburn 0-0: Called Strike
0-1: Fly out, F7 (Flyball, 7LMF)
Batting: LHB Shigenobu Ohayashi 0-0: Ball
1-0: Ball
2-0: Ball
3-0: Foul Ball, location: 2F
3-1: Foul Ball, location: 2F
3-2: Foul Ball, location: 2F
3-2: SINGLE (Flyball, 89S)
Batting: RHB Maik Palen 0-0: Ball
1-0: Ball
2-0: Called Strike
2-1: Called Strike
2-2: Ball
Shigenobu Ohayashi steals 2nd base
3-2: Foul Ball, location: 2F
3-2: Ground out 4-3 (Groundball, 4)
Top of the 3rd over - 0 runs, 1 hit, 0 errors, 1 left on base; Myrtle Beach 2 - Tacoma 3
BOTTOM OF THE 3RD
Tacoma Fur Traders batting - Pitching for Myrtle Beach Mermen : RHP Kelemeneke Balun
Batting: LHB Yao-pang Chiang 0-0: Called Strike
0-1: Foul Ball, location: 2F
0-2: Ground out 5-3 (Groundball, 5)
Batting: RHB Gustavo González 0-0: Ball
1-0: Ball
2-0: Ball
3-0: Called Strike
3-1: Swinging Strike
3-2: Foul Ball, location: 2F
3-2: Fly out, F7 (Flyball, 7)
Batting: RHB Jason Alston 0-0: Ball
1-0: Called Strike
1-1: Ball
2-1: DOUBLE (Line Drive, 7LM)
Batting: RHB Stan Wheeler 0-0: Ball
1-0: Ball
2-0: Ground out 4-3 (Groundball, 4)
Bottom of the 3rd over - 0 runs, 1 hit, 0 errors, 1 left on base; Myrtle Beach 2 - Tacoma 3
TOP OF THE 4TH
Myrtle Beach Mermen batting - Pitching for Tacoma Fur Traders : RHP Brewster Warble
Batting: RHB Elijah Seymour 0-0: Ball
1-0: Ball
2-0: Called Strike
2-1: Fly out, F4 (Popup, 4)
Batting: RHB Landon Edwards 0-0: Foul Ball, location: 2F
0-1: Ground out 5-3 (Groundball, 56S)
Batting: RHB Maikel Cobblepot 0-0: Foul Ball, location: 2F
0-1: Called Strike
0-2: Ball
1-2: Ground out 6-3 (Groundball, 6)
Top of the 4th over - 0 runs, 0 hits, 0 errors, 0 left on base; Myrtle Beach 2 - Tacoma 3
BOTTOM OF THE 4TH
Tacoma Fur Traders batting - Pitching for Myrtle Beach Mermen : RHP Kelemeneke Balun
Batting: RHB David Tineo 0-0: Called Strike
0-1: Ball
1-1: Ball
2-1: Foul Ball, location: 2F
2-2: Strikes out looking
Batting: RHB Bill Perkins 0-0: Foul Ball, location: 2F
0-1: Swinging Strike
0-2: Ball
1-2: Fly out, F6 (Popup, 6MD)
Batting: RHB Sherman N'Dir 0-0: Foul Ball, location: 2F
0-1: Ball
1-1: Foul Ball, location: 2F
1-2: Ground out 4-3 (Groundball, 4)
Bottom of the 4th over - 0 runs, 0 hits, 0 errors, 0 left on base; Myrtle Beach 2 - Tacoma 3
TOP OF THE 5TH
Myrtle Beach Mermen batting - Pitching for Tacoma Fur Traders : RHP Brewster Warble
Batting: RHB David Meléndez 0-0: Ball
1-0: Foul Ball, location: 2F
1-1: Foul Ball, location: 2F
1-2: Foul Ball, location: 2F
1-2: Fly out, F9 (Flyball, 89M)
Batting: RHB Gomez Talone 0-0: Called Strike
0-1: Ground out 4-3 (Groundball, 4)
Batting: LHB Ramón Flores 0-0: Called Strike
0-1: Ground out 6-3 (Groundball, 6D)
Top of the 5th over - 0 runs, 0 hits, 0 errors, 0 left on base; Myrtle Beach 2 - Tacoma 3
BOTTOM OF THE 5TH
Tacoma Fur Traders batting - Pitching for Myrtle Beach Mermen : RHP Kelemeneke Balun
Batting: RHB Roberto Aguirre 0-0: SINGLE (Groundball, 56D)
Batting: RHB Jonathan Barnett 0-0: Sac Bunt - play at first, batter safe!
Roberto Aguirre to second
Batting: LHB Yao-pang Chiang 0-0: Ball
1-0: Foul Ball, location: 2F
1-1: SINGLE (Groundball, 34D)
Roberto Aguirre to third
Jonathan Barnett to second
Runner from 3rd tries for Home, SAFE, no throw
Batting: RHB Gustavo González 0-0: Foul Ball, location: 2F
0-1: Foul Ball, location: 2F
0-2: Strikes out swinging
Batting: RHB Jason Alston 0-0: TRIPLE (Line Drive, 7D)
Jonathan Barnett scores
Yao-pang Chiang scores
Batting: RHB Stan Wheeler 0-0: Ball
1-0: Called Strike
1-1: Called Strike
1-2: Fly out, F9 (Line Drive, 9)
Runner from 3rd tags up, SCORES, throw made
Batting: RHB David Tineo 0-0: Ground out 6-3 (Groundball, 6)
Bottom of the 5th over - 4 runs, 4 hits, 0 errors, 0 left on base; Myrtle Beach 2 - Tacoma 7
TOP OF THE 6TH
Myrtle Beach Mermen batting - Pitching for Tacoma Fur Traders : RHP Brewster Warble
Batting: RHB Cody Blackburn 0-0: Ball
1-0: Ball
2-0: Foul Ball, location: 2F
2-1: Ball
3-1: Called Strike
3-2: Strikes out swinging
Batting: LHB Shigenobu Ohayashi 0-0: Called Strike
0-1: Swinging Strike
0-2: Strikes out swinging
Batting: RHB Maik Palen 0-0: Called Strike
0-1: SINGLE (Groundball, 4MD)
Batting: RHB Elijah Seymour 0-0: Called Strike
0-1: Swinging Strike
0-2: Foul Ball, location: 2F
0-2: Strikes out looking
Top of the 6th over - 0 runs, 1 hit, 0 errors, 1 left on base; Myrtle Beach 2 - Tacoma 7
BOTTOM OF THE 6TH
Tacoma Fur Traders batting - Pitching for Myrtle Beach Mermen : RHP Kelemeneke Balun
Pitching: RHP Jorge Reyna
Batting: RHB Bill Perkins 0-0: Fly out, F9 (Flyball, 9LM)
Batting: RHB Sherman N'Dir 0-0: Called Strike
0-1: Fly out, F9 (Flyball, 9LD)
Batting: RHB Roberto Aguirre 0-0: Ball
1-0: Ball
2-0: Fly out, F6 (Line Drive, 6)
Bottom of the 6th over - 0 runs, 0 hits, 0 errors, 0 left on base; Myrtle Beach 2 - Tacoma 7
TOP OF THE 7TH
Myrtle Beach Mermen batting - Pitching for Tacoma Fur Traders : RHP Brewster Warble
Batting: RHB Landon Edwards 0-0: Called Strike
0-1: Ground out 4-3 (Groundball, 4D)
Batting: RHB Maikel Cobblepot 0-0: Fly out, F9 (Flyball, 9LS)
Batting: RHB David Meléndez 0-0: Ground out 1-3 (Groundball, 13)
Top of the 7th over - 0 runs, 0 hits, 0 errors, 0 left on base; Myrtle Beach 2 - Tacoma 7
BOTTOM OF THE 7TH
Tacoma Fur Traders batting - Pitching for Myrtle Beach Mermen : RHP Jorge Reyna
Batting: RHB Jonathan Barnett 0-0: Called Strike
0-1: Swinging Strike
0-2: Ball
1-2: Foul Ball, location: 2F
1-2: Ball
2-2: Fly out, F7 (Flyball, 7LS)
Batting: LHB Yao-pang Chiang 0-0: Called Strike
0-1: Called Strike
0-2: Ball
1-2: Ball
2-2: Foul Ball, location: 2F
2-2: Foul Ball, location: 2F
2-2: Ball
3-2: Base on Balls
Batting: RHB Gustavo González 0-0: Called Strike
0-1: Ball
1-1: Called Strike
1-2: Ball
2-2: Foul Ball, location: 2F
2-2: Foul Ball, location: 2F
2-2: Strikes out swinging
Batting: RHB Jason Alston 0-0: Called Strike
0-1: Ball
1-1: Fly out, F8 (Flyball, 89D)
Bottom of the 7th over - 0 runs, 0 hits, 0 errors, 1 left on base; Myrtle Beach 2 - Tacoma 7
TOP OF THE 8TH
Myrtle Beach Mermen batting - Pitching for Tacoma Fur Traders : RHP Brewster Warble
Now in RF: Jeremy Geertsen
Batting: RHB Gomez Talone 0-0: Ball
1-0: Ball
2-0: Foul Ball, location: 2F
2-1: Ball
3-1: Foul Ball, location: 2F
3-2: Foul Ball, location: 2F
3-2: Ground out 4-3 (Groundball, 4)
Batting: LHB Ramón Flores 0-0: Ball
1-0: Foul Ball, location: 2F
1-1: Swinging Strike
1-2: Strikes out looking
Batting: RHB Cody Blackburn 0-0: Called Strike
0-1: Ball
1-1: Ground out 6-3 (Groundball, 6M)
Top of the 8th over - 0 runs, 0 hits, 0 errors, 0 left on base; Myrtle Beach 2 - Tacoma 7
BOTTOM OF THE 8TH
Tacoma Fur Traders batting - Pitching for Myrtle Beach Mermen : RHP Jorge Reyna
Batting: RHB Stan Wheeler 0-0: Fly out, F7 (Flyball, 7)
Batting: RHB David Tineo 0-0: Ball
1-0: Called Strike
1-1: SINGLE (Flyball, 78M)
Batting: RHB Bill Perkins 0-0: Called Strike
0-1: Foul Ball, location: 2F
0-2: Strikes out looking
Batting: RHB Sherman N'Dir 0-0: Fly out, F5 (Line Drive, 5S)
Bottom of the 8th over - 0 runs, 1 hit, 0 errors, 1 left on base; Myrtle Beach 2 - Tacoma 7
TOP OF THE 9TH
Myrtle Beach Mermen batting - Pitching for Tacoma Fur Traders : RHP Brewster Warble
Batting: LHB Shigenobu Ohayashi 0-0: Called Strike
0-1: Ball
1-1: Swinging Strike
1-2: Strikes out swinging
Batting: RHB Maik Palen 0-0: Ground out 5-3 (Groundball, 5)
Batting: RHB Elijah Seymour 0-0: Called Strike
0-1: Swinging Strike
0-2: Ball
1-2: Strikes out swinging
Top of the 9th over - 0 runs, 0 hits, 0 errors, 0 left on base; Myrtle Beach 2 - Tacoma 7
Sunday, March 18th, 2018 - OOTP Baseball 18.8 Build 76